Map: Odyssey LE

Players

Hocari - Winner!

  • Race: Terran Terran
  • League: Platinum
  • Spawn Location: 5:00

Salvite

  • Race: Protoss Protoss
  • Spawn Location: 11:00

VOD

Have the link to the VOD?

Description

Time

  • Played on: June 2, 2017, 12:57 a.m.
  • Length: 8:03
Show
View Real Time Build Order
Export as new Build Order

Hocari Terran - Winner!

Build Orders: Reaper Expand 

Get SALT Encoding   

  12  0:01  SCV  
  13  0:13  SCV  
  14  0:19  Supply Depot  
  14  0:25  SCV  
  15  0:29  Refinery  
  15  0:44  Barracks, SCV  
  16  0:56  SCV  
  17  1:09  SCV  
  18  1:21  SCV  
  19  1:31  Reaper  
  20  1:34  Orbital Command  
  20  1:46  Command Center  
  20  1:57  Factory  
  20  2:00  SCV  
  21  2:07  Refinery  
  21  2:12  SCV  
  22  2:17  Supply Depot  
  22  2:24  SCV  
  23  2:35  Barracks Reactor  
  23  2:38  SCV  
  24  2:48  Widow Mine  
  26  2:51  Starport  
  26  2:53  SCV  
  27  2:58  Orbital Command  
  27  3:05  SCV  
  28  3:08  Bunker  
  28  3:11  Marine x2  
  30  3:16  Barracks  
  31  3:20  SCV  
  31  3:26  SCV  
  32  3:29  Marine  
  33  3:37  Bunker, Marine  
  33  3:39  Widow Mine  
  36  3:44  SCV  
  36  3:45  SCV  
  38  3:50  Medivac  
  38  3:54  Supply Depot  
  40  3:58  SCV x2  
  40  4:00  Barracks  
  41  4:05  Barracks Tech Lab  
  41  4:10  SCV x2  
  41  4:14  Supply Depot  
  43  4:22  SCV x2  
  45  4:30  Marauder, Marine x2  
  45  4:31  Concussive Shells  
  49  4:34  SCV x2  
  51  4:45  Supply Depot  
  51  4:46  SCV x2  
  51  4:50  Barracks Tech Lab  
  51  4:51  Marauder, Marine x2  
  57  4:57  Command Center  
  57  4:58  SCV x2  
  59  5:10  SCV  
  59  5:13  Marauder x2, Marine x2  
  66  5:18  SCV  
  67  5:22  Refinery, SCV  
  67  5:24  Refinery  
  67  5:28  Medivac  
  70  5:29  Barracks  
  70  5:30  Barracks  
  70  5:37  Marine  
  70  5:40  Stimpack  
  70  5:44  Supply Depot  
  70  5:45  Supply Depot  
  70  6:05  Marine x2  
  70  6:06  Marauder x2, SCV x2  
  70  6:07  Medivac  
  70  6:08  Supply Depot  
  70  6:09  Supply Depot  
  80  6:13  Engineering Bay  
  80  6:14  Engineering Bay  
  80  6:18  SCV  
  81  6:19  Orbital Command  
  81  6:21  SCV  
  81  6:23  Marine x2  
  84  6:27  Marauder x2  
  84  6:30  Barracks Reactor, SCV  
  84  6:31  Barracks Tech Lab  
  89  6:36  SCV  
  89  6:37  Medivac  
  89  6:39  Supply Depot  
  92  6:42  Marine, SCV  
  94  6:48  SCV x2  
  94  6:49  Marauder x2  
  94  6:52  Supply Depot  
  94  6:53  Marauder, Marine  
  103  6:54  SCV  
  103  7:00  Marine  
  105  7:04  SCV x2  
  107  7:27  Marine  
  107  7:28  Marauder x2, Marine x4  
  116  7:30  SCV x2  
  116  7:35  Supply Depot x2  
  118  7:38  Refinery  
  120  7:45  Marine x2  
  120  7:48  Armory  
  128  7:54  Barracks  
  128  7:55  Supply Depot  
  128  7:56  Barracks  
  128  7:58  Command Center  
Show
View Real Time Build Order
Export as new Build Order

Salvite Protoss 

Build Orders:  

Get SALT Encoding   

  12  0:01  Probe (Chrono Boost)  
  13  0:12  Probe (Chrono Boost)  
  14  0:18  Pylon  
  14  0:22  Probe (Chrono Boost)  
  15  0:37  Probe (Chrono Boost)  
  15  0:40  Gateway  
  16  0:47  Probe (Chrono Boost)  
  17  0:50  Assimilator  
  17  0:58  Probe (Chrono Boost)  
  18  1:05  Pylon  
  18  1:08  Probe (Chrono Boost)  
  19  1:19  Probe (Chrono Boost)  
  20  1:29  Probe (Chrono Boost)  
  21  1:35  Cybernetics Core  
  21  1:40  Probe (Chrono Boost)  
  22  1:50  Probe (Chrono Boost)  
  23  1:54  Pylon  
  23  1:59  Assimilator  
  23  2:04  Probe (Chrono Boost)  
  24  2:14  Adept  
  25  2:17  Mothership Core (Chrono Boost)  
  27  2:31  Warp Gate  
  27  2:42  Gateway  
  27  2:43  Gateway  
  27  2:47  Gateway  
  27  2:54  Adept  
  27  2:55  Probe (Chrono Boost)  
  30  3:15  Gateway  
  30  3:29  Nexus  
  30  3:32  Pylon  
  30  3:36  Pylon  
  30  3:42  Pylon  
  30  3:45  Adept  
  32  4:09  Probe (Chrono Boost)  
  33  4:26  Gateway  
  31  5:00  Robotics Facility  
  31  5:08  Adept  
  31  5:09  Adept  
  31  5:12  Stalker  
  37  5:14  Stalker  
  37  5:15  Stalker  
  37  5:18  Probe (Chrono Boost)  
  38  5:29  Probe (Chrono Boost)  
  38  5:32  Probe (Chrono Boost)  
  40  5:39  Probe (Chrono Boost)  
  36  5:43  Probe (Chrono Boost)  
  36  5:50  Probe (Chrono Boost)  
  36  5:54  Warp Prism  
  38  6:06  Adept x3  
  38  6:07  Adept x2  
  40  6:27  Observer  
  34  7:12  Observer  
  34  7:20  Stalker x2  
  34  7:21  Stalker x2  
  32  7:22  Stalker  
  20  7:58  Adept  
  22  7:59  Stalker  
  22  8:00  Stalker  
Tags
 
League
Platinum
Matchup
PvT
Spawn Locations
Cross Positions
Add a new tag
Caveats
  • Supply blocks, unpowered buildings, or Contaminate may cause inaccurate times.
  • Supply counts are checked every 10 seconds.